 Dungeon Crawl Stone Soup version 0.31-a0-1603-gbec6b6ccbf (webtiles) character file.

Game seed: 7401460950854266502

14044 codmizer the Toxicologist (level 11, -9/79 HPs)
             Began as a Demonspawn Alchemist on Jan 7, 2024.
             Was a Plaything of Xom.
             Mangled by a death yak (21 damage)
             ... on level 1 of the Lair of Beasts on Jan 8, 2024.
             The game lasted 02:36:33 (11144 turns).

codmizer the Toxicologist (Demonspawn Alchemist)   Turns: 11144, Time: 02:36:34

Health: -9/79      AC: 12    Str: 11    XL:     11   Next: 83%
Magic:  23/23      EV: 14    Int: 18    God:    Xom [..*...]
Gold:   517        SH:  0    Dex: 13    Spells: 7/27 levels left

rFire   + . .        i - +1 mace (venom)
rCold   . . .        F - orb {*channel}
rNeg    . . .        H - +0 steam dragon scales
rPois   .            (helmet restricted)
rElec   .            N - +0 cloak
rCorr   .            f - +0 pair of gloves
SInv    .            h - +0 pair of boots
Will    .....        k - amulet of the acrobat
Stlth   ++           y - ring of protection from cold
HPRegen 0.33/turn    M - ring of fire
MPRegen 0.36/turn

%: acrobat, channel magic (20%)
@: about to teleport
A: antennae 1, icy blue scales 2, spiny 2, magic regeneration
a: Renounce Religion


You were on level 1 of the Lair of Beasts.
You worshipped Xom.
You were a toy of Xom.
You visited 3 branches of the dungeon, and saw 10 of its levels.

You collected 517 gold pieces.

Inventory:

Hand Weapons
 c - a +0 short sword
 i - a +1 mace of venom (weapon)
 j - a +0 flail of draining
 p - a +0 flail
Missiles
 q - 4 throwing nets
Armour
 a - a +0 robe
 e - a +1 leather armour
 f - a +0 pair of gloves (worn)
 h - a +0 pair of boots (worn)
 n - a +0 kite shield
 F - an orb of energy (worn)
 H - +0 steam dragon scales (worn)
 N - a +0 cloak (worn)
Jewellery
 k - an amulet of the acrobat (around neck)
 y - a ring of protection from cold (left hand)
 M - a ring of fire (right hand)
 O - a ring of see invisible
Wands
 x - a wand of roots (9)
 D - a wand of polymorph (8)
 J - a wand of flame (26)
Scrolls
 g - a scroll of identify
 m - a scroll of revelation {unknown}
 r - 2 scrolls of enchant armour
 u - a scroll of noise {unknown}
 w - 2 scrolls of brand weapon {unknown}
 z - a scroll of silence {unknown}
 B - a scroll of immolation {unknown}
 C - 4 scrolls of poison
 I - a scroll of enchant weapon {unknown}
 L - a scroll of vulnerability {unknown}
Potions
 b - 5 potions of magic
 l - 3 potions of cancellation
 o - 2 potions of curing
 s - 3 potions of resistance
 t - 2 potions of brilliance {unknown}
 v - 2 potions of lignification {unknown}
 A - a potion of might {unknown}
 E - a potion of mutation {unknown}
 G - 3 potions of ambrosia {unknown}
 K - 2 potions of enlightenment {unknown}


   Skills:
 + Level 5.1 Fighting
 + Level 7.9 Maces & Flails
 + Level 3.8 Armour
 + Level 6.5 Dodging
 - Level 1.7 Stealth
 + Level 8.5 Spellcasting
 + Level 4.7 Conjurations
 + Level 5.3 Air Magic
 + Level 8.7 Alchemy
 + Level 0.2 Evocations


You had 7 spell levels left.
You knew the following spells:

 Your Spells              Type           Power      Damage    Failure   Level
a - Sting                 Conj/Alch      100%       1d9       3%          1
b - Mercury Vapours       Alch/Air       66%        N/A       4%          2
c - Mephitic Cloud        Conj/Alch/Air  30%        N/A       8%          3
d - Apportation           Tloc           14%        N/A       24%         1
e - Olgreb's Toxic Radia  Alch           39%        N/A       10%         4
f - Alistair's Intoxicat  Alch           26%        N/A       19%         5
g - Sticky Flame          Fire/Alch      35%        2d7       34%         4

Your spell library contained the following spells:

 Spells                   Type           Power      Damage    Failure   Level
 Freeze                   Ice            28%        1d5       24%         1
 Necrotise                Necr           28%        1d5       24%         1
 Summon Small Mammal      Summ           28%        N/A       24%         1
 Hailstorm                Conj/Ice       16%        3d6       26%         3
 Ensorcelled Hibernation  Hex/Ice        14%        N/A       32%         2
 Jinxbite                 Hex            14%        N/A       32%         2
 Call Canine Familiar     Summ           7%         N/A       50%         3
 Frozen Ramparts          Ice            14%        1d3       50%         3
 Fugue of the Fallen      Necr           7%         N/A       50%         3
 Sigil of Binding         Hex            7%         N/A       50%         3
 Brom's Barrelling Bould  Conj/Erth      16%        2d4       56%         4
 Iskenderun's Battlesphe  Conj           24%        2d8       58%         5
 Anguish                  Hex/Necr       3%         N/A       85%         4
 Dimensional Bullseye     Hex/Tloc       3%         N/A       85%         4
 Fireball                 Conj/Fire      12%        3d7       85%         5
 Conjure Ball Lightning   Conj/Air       12%        3x3d6     96%         6
 Orb of Destruction       Conj           12%        9d7       100%        7


Dungeon Overview and Level Annotations

Branches:
Dungeon (8/15)             Temple (1/1) D:7            Lair (1/5) D:8

Altars:
Ashenzari
Cheibriados
Dithmenos
Fedhas
Gozag
Hepliaklqana
Kikubaaqudgha
Makhleb
Nemelex Xobeh
Okawaru
Qazlal
Ru
Sif Muna
Trog
Uskayaw
Vehumet
Wu Jian
Xom
Yredelemnul

Shops:
D:2 ?   D:6 :

Annotations:
Lair:1 Erica


Innate Abilities, Weirdness & Mutations

You have a pair of small antennae on your head.
You are mostly covered in icy blue scales. (AC +3)
You are mostly covered in sharp spines.
You regenerate magic rapidly.


Message History

The death yak is lightly wounded.
The death yak closely misses you.
You hit the death yak.
The death yak looks as sick as possible!
The death yak is moderately wounded.
The death yak closely misses you.
You thump the death yak!
The death yak is heavily wounded.
The death yak is struck by your spines.
The death yak gores you but does no damage.
You hit the death yak.
The death yak looks as sick as possible!
The death yak is heavily wounded.
The death yak closely misses you.
You hit the death yak but do no damage.
The death yak looks as sick as possible!
The death yak is heavily wounded.
The death yak is struck by your spines. The death yak barely misses you.
You hit the death yak.
The death yak is severely wounded.
The death yak is struck by your spines. The death yak gores you!!
You sock the death yak!
The death yak looks as sick as possible!
The death yak is almost dead.
The death yak gores you.
You barely miss the death yak.
The death yak is almost dead.
The death yak barely misses you.
You hit the death yak.
The death yak looks as sick as possible!
The death yak is almost dead.
The death yak gores you but does no damage.
The death yak gores you!!
* * * LOW HITPOINT WARNING * * *
As you read the scroll of teleportation, it crumbles to dust.
You feel strangely unstable.
You kill the death yak!
You feel better. The death yak gores you!!
You die...
Xom howls with laughter!

#...........#..## # #####
#..........##... ...##...
##..........#..# #P......
#...........#^.# ##......
##.............# ###.###
#..........#...# ...
#..........##..# ##.
#.........####Y# #
#..........###@## ..
#..........##...### ...
#.........P#..##..#######
... #...........##
##.>.....# ##...
##.........##
##.......###....
#........##
#........##.....
#.......##
##........##..... .#
#.....รท..........
#.........#......


You could see a death yak.

Vanquished Creatures
  A two-headed ogre (D:8)
  2 boulder beetles (D:8)
  3 death yaks (Lair:1)
  A lindwurm (D:8)
  Maurice (D:8)
  Jeremiah (D:6)
  A komodo dragon (D:8)
  5 polar bears (Lair:1)
  A hornet (D:8)
  Grinder (D:4)
  10 yaks
  A wyvern (D:8)
  A basilisk (Lair:1)
  2 redbacks (D:8)
  2 steam dragons
  5 water moccasins
  6 ice beasts
  Duvessa (D:7)
  7 black bears
  An orc warrior (D:7)
  2 sky beasts (D:8)
  An ogre (D:3)
  8 wolves (Lair:1)
  A centaur (D:8)
  2 phantoms
  4 bullfrogs
  3 gnoll sergeants
  5 scorpions
  10 wights
  Dowan (D:7)
  4 howler monkeys
  A lava snake (D:8)
  Crazy Yiuf (D:7)
  2 bombardier beetles
  2 jellies
  6 orc priests
  6 iguanas
  2 sleepcaps
  7 orc wizards
  24 gnolls
  7 adders
  A white imp (D:8)
  2 ribbon worms
  5 dart slugs
  15 orcs
  4 ball pythons
  10 endoplasms
  2 giant cockroaches
  7 goblins
  8 hobgoblins
  4 jackals
  6 kobolds
  4 quokkas
  10 bats
  2 frilled lizards
  5 rats
237 creatures vanquished.

Notes
Turn   | Place    | Note
-------+----------+-------------------------------------------
     0 | D:1      | codmizer the Demonspawn Alchemist began the quest for the
                  | Orb.
     0 | D:1      | Reached XP level 1. HP: 13/13 MP: 3/3
   162 | D:1      | Gained mutation: You are partially covered in icy blue
                  | scales. (AC +2) [demonic ancestry]
   162 | D:1      | Reached XP level 2. HP: 19/19 MP: 3/5
   165 | D:1      | Learned a level 2 spell: Mercury Vapours
   593 | D:1      | Gained mutation: You regenerate magic rapidly. [demonic
                  | ancestry]
   593 | D:1      | Reached XP level 3. HP: 14/24 MP: 1/6
   699 | D:1      | Learned a level 3 spell: Mephitic Cloud
   950 | D:1      | You fall into a shaft and drop 1 floor!
  1101 | D:2      | Found an iron altar of Okawaru.
  1126 | D:2      | Reached XP level 4. HP: 31/31 MP: 2/7
  1386 | D:2      | Found Mamp's Magic Scroll Shop.
  1503 | D:2      | Reached skill level 1 in Maces & Flails
  1688 | D:2      | Reached XP level 5. HP: 36/36 MP: 5/9
  2031 | D:3      | Reached skill level 1 in Air Magic
  2214 | D:3      | Noticed an ogre
  2220 | D:3      | Killed an ogre
  2221 | D:3      | Reached skill level 1 in Fighting
  2370 | D:3      | Gained mutation: You have a pair of small antennae on your
                  | head. [demonic ancestry]
  2370 | D:3      | Reached XP level 6. HP: 43/43 MP: 7/10
  2478 | D:4      | Reached skill level 1 in Armour
  2714 | D:4      | Learned a level 1 spell: Apportation
  2806 | D:4      | Gained mutation: You are mostly covered in icy blue scales.
                  | (AC +3) [demonic ancestry]
  2806 | D:4      | Reached XP level 7. HP: 48/48 MP: 7/12
  3120 | D:4      | Noticed Grinder
  3132 | D:4      | Paralysed by Grinder for 2 turns
  3135 | D:4      | Killed Grinder
  3136 | D:4      | Reached skill level 5 in Alchemy
  3401 | D:4      | Found a hazy altar of Hepliaklqana.
  3640 | D:5      | Entered Level 5 of the Dungeon
  3842 | D:5      | Gained mutation: You are partially covered in sharp spines.
                  | [demonic ancestry]
  3842 | D:5      | Reached XP level 8. HP: 31/56 MP: 14/14
  4137 | D:5      | Found a bloodstained altar of Trog.
  4412 | D:5      | Found a broken altar of Ashenzari.
  4745 | D:6      | Learned a level 4 spell: Olgreb's Toxic Radiance
  5084 | D:6      | Found a shimmering blue altar of Sif Muna.
  5135 | D:6      | Reached skill level 5 in Spellcasting
  5135 | D:6      | Gained mutation: You are mostly covered in sharp spines.
                  | [demonic ancestry]
  5135 | D:6      | Reached XP level 9. HP: 62/62 MP: 14/16
  5262 | D:6      | Learned a level 5 spell: Alistair's Intoxication
  5262 | D:6      | Noticed Jeremiah
  5277 | D:6      | Killed Jeremiah
  5328 | D:6      | Found Adogoxab's Book Shoppe.
  5469 | D:6      | Reached skill level 5 in Maces & Flails
  5852 | D:7      | Noticed Duvessa
  5852 | D:7      | Noticed Dowan
  5861 | D:7      | Killed Duvessa
  5866 | D:7      | Killed Dowan
  6189 | D:7      | Found a basalt altar of Yredelemnul.
  6257 | D:7      | Found a radiant altar of Vehumet.
  6275 | D:7      | Found a staircase to the Ecumenical Temple.
  6286 | Temple   | Entered the Ecumenical Temple
  6301 | Temple   | Became a worshipper of Xom the Fickle
  6310 | D:7      | XOM: potion effect (haste)
  6311 | D:7      | XOM: potion effect (invisibility)
  6590 | D:7      | XOM is BORED!
  6590 | D:7      | XOM: silly message
  6715 | D:7      | Found a sparkling altar of Nemelex Xobeh.
  6857 | D:7      | Reached XP level 10. HP: 42/71 MP: 19/19
  7159 | D:7      | XOM: silly message
  7207 | D:7      | Found a runed translucent door.
  7208 | D:7      | Noticed Crazy Yiuf
  7214 | D:7      | Killed Crazy Yiuf
  7402 | D:8      | XOM: silly message
  7404 | D:8      | Found a staircase to the Lair.
  7483 | D:8      | Found a burning altar of Makhleb.
  7577 | D:8      | Found a shadowy altar of Dithmenos.
  7600 | D:8      | XOM: 2-stop teleportation journey
  7616 | D:8      | XOM: cloud trail
  7660 | D:8      | XOM is BORED!
  7660 | D:8      | XOM: noise
  8091 | D:8      | Found a hide-covered altar of Uskayaw.
  8538 | D:8      | Noticed a two-headed ogre
  8543 | D:8      | XOM: confusion (+ monsters)
  8553 | D:8      | Killed a two-headed ogre
  8771 | D:8      | Noticed Maurice
  8774 | D:8      | XOM: confuse monster(s)
  8779 | D:8      | XOM: noise
  8788 | D:8      | Maurice stole a ring of fire
  8794 | D:8      | Maurice stole 124 gold
  8797 | D:8      | Something stole a +0 flail of draining
  8798 | D:8      | Something stole a +0 kite shield
  8799 | D:8      | Something stole 4 throwing nets
  8804 | D:8      | Something stole 44 gold
  8806 | D:8      | Killed Maurice
  8954 | D:8      | Found a runed translucent door.
  8965 | D:8      | Reached skill level 5 in Dodging
  8967 | D:8      | Found a runed translucent gate.
  8968 | D:8      | Noticed a boulder beetle
  8969 | D:8      | Found a runed translucent gate.
  8969 | D:8      | Identified the +6 whip of Causality {spect, rF+ Int+3
                  | Dex+2}
  8970 | D:8      | Found a runed translucent gate.
  8970 | D:8      | Found a runed translucent gate.
  8970 | D:8      | Found a runed translucent gate.
  8970 | D:8      | Noticed a lindwurm
  8972 | D:8      | Found a runed translucent gate.
  8972 | D:8      | Noticed a boulder beetle
  8992 | D:8      | XOM is BORED!
  8992 | D:8      | XOM: enchant monster (bad)
  9001 | D:8      | Killed a boulder beetle
  9002 | D:8      | Reached XP level 11. HP: 26/78 MP: 22/22
  9002 | D:8      | Killed a boulder beetle
  9202 | D:8      | Killed a lindwurm
  9395 | Lair:1   | Entered Level 1 of the Lair of Beasts
  9487 | Lair:1   | Found the +3 Elemental Staff {ele, rElec rF+ rC+ AC+3}
  9840 | Lair:1   | Noticed a death yak
  9840 | Lair:1   | Noticed a death yak
  9869 | Lair:1   | XOM: fog
  9879 | Lair:1   | XOM: butterfly on damage
  9887 | Lair:1   | Killed a death yak
 10067 | Lair:1   | XOM is BORED!
 10107 | Lair:1   | Learned a level 4 spell: Sticky Flame
 10185 | Lair:1   | Reached skill level 5 in Air Magic
 10313 | Lair:1   | XOM: summons 6 hostile demons
 10410 | Lair:1   | XOM: noise
 10436 | Lair:1   | Noticed Erica
 10448 | Lair:1   | HP: 2/78 [something (16)]
 10549 | D:8      | XOM: god gift: chain mail {god gift}
 10801 | Lair:1   | XOM: noise
 10813 | Lair:1   | Reached skill level 5 in Fighting
 10907 | Lair:1   | Noticed a death yak
 10909 | Lair:1   | Noticed a death yak
 10926 | Lair:1   | XOM: blink monster(s)
 10927 | Lair:1   | XOM: enchant monster (good)
 10937 | Lair:1   | Killed a death yak
 10939 | Lair:1   | XOM: butterfly on damage
 10945 | Lair:1   | HP: 2/79 [death yak (13)]
 11118 | Lair:1   | XOM: noise
 11121 | Lair:1   | XOM: blink monster(s)
 11143 | Lair:1   | Killed a death yak
 11144 | Lair:1   | Mangled by a death yak

Illustrated notes

Levels and vault maps discovered:
D:1:      lemuel_arrival_room, layout_basic, minmay_pentomino_t2
D:2:      layout_loops_ring, basic_altar, serial_shops,
          nicolae_shop_pleasant_corner_grove, hangedman_decor_clover_reticule,
          chequers_serial_rivers_micro_a, minmay_tall_x
D:3:      layout_loops_ring
D:4:      layout_cave_pods, mainiacjoe_overflow_alcove_2, uniq_grinder
D:5:      layout_basic, bloody_trog, mainiacjoe_overflow_tiny_flanked
D:6:      layout_gridville, tgw_sif, serial_shops,
          nicolae_shop_tiny_real_fake_doors, minivault_25, uniq_jeremiah
D:7:      layout_loops_corners, nemelex_diamond_rough_becter,
          mainiacjoe_overflow_catch_the_wave, minmay_temple_entry_overgrown,
          uniq_crazy_yiuf_cottage, uniq_duvessa
D:8:      gammafunk_indiana_jones, layout_loops_corners,
          nicolae_uskayaw_murder_on_the_dancefloor, grunt_dithmenos_smoke,
          lightli_temple_of_fire, grunt_lair_entry_orc_guard_hut,
          minmay_chambers_of_fives, uniq_maurice
Temple:   nicolae_temple_ecumenical_triangle
Lair:1:   beast_lair_carwin_large_3, layout_cave_pods, uniq_erica

Skill      XL: |  1  2  3  4  5  6  7  8  9 10 11 |
---------------+----------------------------------+-----
Alchemy        | 4 5 6 7 8 |  8.7
Maces & Flails | 1 2 3 4 5 6 7 |  7.9
Dodging        | 2 3 4 5 6 |  6.5
Air Magic      | 1 2 3 4 5 |  5.3
Fighting       | 1 2 3 4 5 |  5.1
Spellcasting   | 3 4 5 6 7 8 |  8.5
Armour         | 1 2 3 |  3.8
Conjurations   | 2 3 4 |  4.7
Stealth        | |  1.7
Evocations     | |  0.2

Action                     |  1- 3 |  4- 6 |  7- 9 | 10-12 || total
---------------------------+-------+-------+-------+-------++-------
  Melee: Short sword       |    18 |       |       |       ||    18
         Mace              |    24 |   115 |   227 |   319 ||   685
         Punch             |       |       |     1 |       ||     1
         Unarmed           |       |       |       |    16 ||    16
   Cast: Sting             |    40 |    31 |    80 |    50 ||   201
         Mercury Vapours   |     5 |    14 |    35 |    43 ||    97
         Olgreb's Toxic Ra |       |       |       |     2 ||     2
  Evoke: Wand              |       |       |       |     1 ||     1
    Use: Scroll            |       |       |     2 |    10 ||    12
         Potion            |       |       |       |     4 ||     4
   Stab: Confused          |       |       |       |     2 ||     2
 Armour: Leather armour    |    28 |    82 |   112 |       ||   222
         Steam dragon scal |       |       |    21 |   295 ||   316
         Skin              |       |       |       |     4 ||     4
  Dodge: Dodged            |    23 |    87 |   149 |   269 ||   528

Table legend: (Time is in decaauts)
 A = Elapsed time spent in this place.
 B = Non-inter-level travel time spent in this place.
 C = Inter-level travel time spent in this place.
 D = Time resting spent in this place.
 E = Time spent auto-exploring this place.
 F = Levels seen in this place.
 G = Mean time per level.
                   A        B        C        D        E       F      G
               +--------+--------+--------+--------+--------+-----+--------+
         Total |  11228 |  10937 |    291 |    408 |   8425 |  10 | 1122.8 |
       Dungeon |   9567 |   9286 |    281 |    250 |   7376 |   8 | 1195.9 |
        Temple |     20 |     10 |     10 |      0 |      0 |   1 |   20.0 |
          Lair |   1639 |   1639 |      0 |    158 |   1049 |   1 | 1639.0 |
               +--------+--------+--------+--------+--------+-----+--------+

Top non-repeatable levels by time:
     D:8: 2258 daAuts
  Lair:1: 1639 daAuts
     D:7: 1381 daAuts
     D:6: 1330 daAuts
     D:4: 1192 daAuts
     D:2: 967 daAuts
     D:1: 954 daAuts
     D:5: 905 daAuts
     D:3: 577 daAuts
  Temple: 20 daAuts
